 Dungeon Crawl Stone Soup version 0.28.0-49-g6dfe1f597d (webtiles) character file.

Game seed: 51248216453879495

51 burn09 the Chopper (level 3, 0/34 HPs)
             Began as a Hill Orc Monk on May 19, 2022.
             Slain by a gnoll
             ... wielding a +0 spear
              (4 damage)
             ... on level 2 of the Dungeon.
             The game lasted 00:02:34 (1304 turns).

burn09 the Chopper (Hill Orc Monk)                  Turns: 1304, Time: 00:02:35

Health: 0/34       AC:  5    Str: 15    XL:     3   Next: 83%
Magic:  3/3        EV: 11    Int: 10    God:
Gold:   45         SH:  0    Dex: 13    Spells: 2/2 levels left

rFire   . . .      SeeInvis .   a - +0 hand axe
rCold   . . .      Faith    .   (no shield)
rNeg    . . .      Spirit   .   c - +0 ring mail
rPois   .          Reflect  .   (no helmet)
rElec   .          Harm     .   (no cloak)
rCorr   .          Rampage  .   (no gloves)
Will    .....                   (no boots)
Stlth   +.........              (no amulet)
HPRegen 0.11/turn               (no ring)
MPRegen 0.08/turn               (no ring)

@: no status effects
A: no striking features
a: no special abilities


You were on level 2 of the Dungeon.
You visited 1 branch of the dungeon, and saw 2 of its levels.

You collected 45 gold pieces.

Inventory:

Hand Weapons
 a - a +0 hand axe (weapon)
Missiles
 d - 24 arrows
 h - 17 bolts
 i - 24 stones (quivered)
 j - 3 poisoned darts
Armour
 b - a +0 robe
 c - a +0 ring mail (worn)
Scrolls
 g - a scroll of vulnerability {unknown}
 k - a scroll of teleportation {unknown}
Potions
 e - a potion of invisibility {unknown}
 f - a potion of berserk rage {unknown}


   Skills:
 * Level 4.5 Fighting
 * Level 4.9 Axes
 + Level 2.8 Dodging
 - Level 1.5 Stealth


You had 2 spell levels left.
You didn't know any spells.
Your spell library was empty.

Dungeon Overview and Level Annotations

Branches:
Dungeon (2/15)

Altars:


Message History

There is an open door, spattered with blood here.
You barely miss the gnoll. You hit the kobold. The gnoll barely misses you.
The gnoll hits you from afar with a +0 spear.
The kobold closely misses you.
You closely miss the gnoll. You hit the kobold.
You kill the kobold!
The gnoll hits you from afar with a +0 spear.
You hit the gnoll.
The gnoll is lightly wounded.
You hit the gnoll but do no damage. The gnoll hits you with a +0 whip.
The gnoll hits you from afar with a +0 spear.
* * * LOW HITPOINT WARNING * * *
The gnoll misses you.
You hit the gnoll but do no damage. You barely miss the gnoll.
The gnoll barely misses you.
The gnoll hits you from afar with a +0 spear.
* * * LOW HITPOINT WARNING * * *
The gnoll barely misses you.
You hit the gnoll. You punch the gnoll.
The gnoll is lightly wounded.
You hit the gnoll.
The gnoll is heavily wounded.
You hit the gnoll.
The gnoll is almost dead.
You hit the gnoll but do no damage. The gnoll barely misses you. x2
The gnoll hits you from afar with a +0 spear.
* * * LOW HITPOINT WARNING * * *
You hit the gnoll.
The gnoll is heavily wounded.
The gnoll closely misses you.
The gnoll hits you from afar with a +0 spear.
* * * LOW HITPOINT WARNING * * *
You completely miss the gnoll.
The gnoll is almost dead.
The gnoll misses you.
You closely miss the gnoll.
The gnoll is almost dead.
The gnoll barely misses you.
The gnoll hits you from afar with a +0 spear.
You die...

### #.. ..# ###### #.####..#
#....# #.#.....# #....#
#.#....# #....# #.#...#
#....# #.#...#
##########....#####.#)..####
.........'....'.@ggg'.......
###..#####....#.#####...####
......## #....#.# ...?...
...♣...########.# .......
....P...........+ .......
......########### .##....
....†.....# .# ....
..........## .# ...
...........#


You could see 3 gnolls.

Vanquished Creatures
  An adder (D:2)
  A dart slug (D:1)
  5 ball pythons
  A bat (D:1)
  4 endoplasms
  5 giant cockroaches (D:1)
  5 goblins (D:1)
  A hobgoblin (D:1)
  2 jackals (D:2)
  2 frilled lizards
  5 kobolds
  3 rats (D:1)
35 creatures vanquished.

Notes
Turn   | Place    | Note
-------+----------+-------------------------------------------
     0 | D:1      | burn09 the Hill Orc Monk began the quest for the Orb.
     0 | D:1      | Reached XP level 1. HP: 19/19 MP: 1/1
   257 | D:1      | Reached XP level 2. HP: 24/27 MP: 2/2
   522 | D:1      | Found a faded altar of an unknown god.
   538 | D:1      | Reached XP level 3. HP: 27/33 MP: 3/3
  1304 | D:2      | Slain by a gnoll

Illustrated notes

Levels and vault maps discovered:
D:1:      mrwooster_arrival_arrow, layout_basic,
          hellmonk_ecumenical_altar_arch_garden, roderic_lattice_a
D:2:      layout_basic, basic_altar, serial_park_tiny_1

Skill      XL: |  1  2 |
---------------+-------+-----
Fighting       | 4 |  4.5
Axes           | |  4.9
Dodging        | |  2.8
Stealth        | |  1.5

Action                   || total
-------------------------++-------
Melee: Hand axe          ||    99
       Punch             ||     1
 Stab: Sleeping          ||     1
Armor: Ring mail         ||    34
Dodge: Dodged            ||    58
